 Dungeon Crawl Stone Soup version 0.30-a0-782-ge64f9170bb (webtiles) character file.

Game seed: 17688630357382454771

9572 senseless the Cruncher (level 11, -1/87 HPs)
             Began as a Demonspawn Berserker on Mar 14, 2023.
             Was a High Priest of Trog.
             Slain by a killer bee (9 damage)
             ... on level 10 of the Dungeon.
             The game lasted 00:24:41 (7702 turns).

senseless the Cruncher (Demonspawn Berserker)       Turns: 7702, Time: 00:24:42

Health: -1/87      AC: 26    Str: 21    XL:     11   Next: 24%
Magic:  11/11      EV: 11    Int: 14    God:    Trog [*****.]
Gold:   636        SH:  0    Dex: 14    Spells: 10/10 levels left

rFire   . . .      SeeInvis .    h - +7 lajatang (spect)
rCold   . . .      Faith    +    (shield currently unavailable)
rNeg    . . .      Spirit   .    d - +5 plate armour
rPois   .          Reflect  .    (helmet restricted)
rElec   .          Harm     .    s - +1 cloak
rCorr   .          Rampage  .    q - +0 pair of gloves {hurl}
Will    .....                    (no boots) Stlth
                                 o - amulet of faith
HPRegen 0.34/turn                l - +4 ring of protection
MPRegen 0.24/turn                y - +6 ring of intelligence

@: on berserk cooldown, slowed, very slow
A: antennae 2, demonic guardian 1, magic regeneration, sturdy frame 2
a: Renounce Religion, Berserk, Trog's Hand, Brothers in Arms


You were on level 10 of the Dungeon.
You worshipped Trog.
Trog was extremely pleased with you.
You visited 1 branch of the dungeon, and saw 10 of its levels.

You collected 700 gold pieces.
You spent 64 gold pieces at shops.

Inventory:

Hand Weapons
 h - a +7 spectral lajatang (weapon)
 r - a +1 shortbow of draining
Missiles
 b - 5 throwing nets (quivered)
Armour
 d - a +5 plate armour (worn)
 q - a +0 pair of gloves of hurling (worn)
 s - a +1 cloak (worn)
Jewellery
 l - a +4 ring of protection (left hand)
 o - an amulet of faith (around neck)
 y - a +6 ring of intelligence (right hand)
 z - an amulet of guardian spirit
Wands
 g - a wand of charming (7)
 k - a wand of polymorph (13)
 m - a wand of roots (18)
 v - a wand of flame (25)
Scrolls
 e - 7 scrolls of teleportation
Potions
 a - a potion of cancellation
 c - 4 potions of curing
 f - 2 potions of magic
 i - 5 potions of attraction
 j - 4 potions of flight
 n - 3 potions of invisibility
 p - 7 potions of brilliance
 t - a potion of haste
 u - a potion of resistance
 w - a potion of lignification
 x - a potion of might


   Skills:
 + Level 8.7 Fighting
 - Level 3.6(7.4) Maces & Flails
 * Level 10.0(10.3) Staves
 + Level 7.4 Armour
 + Level 7.4 Dodging


You had 10 spell levels left.
You didn't know any spells.
Your spell library contained the following spells:

 Spells                   Type           Power      Damage    Failure   Level
 Foxfire                  Conj/Fire      0%         2x1d4     86%         1
 Freeze                   Ice            0%         1d3       86%         1
 Ensorcelled Hibernation  Hex/Ice        0%         N/A       94%         2
 Passwall                 Tmut/Erth      0%         N/A       94%         2
 Static Discharge         Conj/Air       0%         2-2/arc   94%         2
 Frozen Ramparts          Ice            0%         1d1       99%         3
 Hailstorm                Conj/Ice       0%         3d3       99%         3
 Swiftness                Air            0%         N/A       99%         3
 Vhi's Electric Charge    Tloc/Air       0%         N/A       99%         3
 Arcjolt                  Conj/Air       0%         1d10      100%        5
 Fireball                 Conj/Fire      0%         3d3       100%        5
 Lightning Bolt           Conj/Air       0%         1d11      100%        5
 Starburst                Conj/Fire      0%         6d3       100%        6


Dungeon Overview and Level Annotations

Branches:
Dungeon (10/15)            Temple (0/1) D:6            Lair (0/5) D:10
    Orc (0/2) D:9

Altars:
Ashenzari
Cheibriados
Fedhas
Hepliaklqana
Makhleb
Nemelex Xobeh
Okawaru
Ru
Trog
Xom

Shops:
D:1 !   D:2 !   D:3 [   D:9 [(   D:10 !

Annotations:
D:10 1 runed translucent door, HoaS's ghost, journeyman GrHu


Innate Abilities, Weirdness & Mutations

You have a pair of antennae on your head.
A weak demonic guardian rushes to your aid.
You regenerate magic rapidly.
Your movements are less encumbered by armour. (ER -4)


Message History

The killer bee barely misses your hellwing.
The killer bee closely misses you. x2
Your hellwing barely misses the killer bee.
Your hellwing closely misses the killer bee.
The killer bee closely misses you. The killer bee stings you.
* * * LOW HITPOINT WARNING * * *
A demonic guardian appears!
The queen bee calls on the killer bee to defend it!
The killer bee goes berserk!
You swap places.
* * * LOW HITPOINT WARNING * * *
You feel very sick. The killer bee stings your hellwing.
Your hellwing dies!
Your hellwing disappears in a puff of smoke!
The killer bee stings your ufetubus!
Your ufetubus dies!
Your ufetubus disappears in a puff of smoke!
The killer bee stings you!
* * * LOW HITPOINT WARNING * * *
A demonic guardian appears!
The killer bee barely misses you.
The killer bee stings you but does no damage. x2
The killer bee stings you.
* * * LOW HITPOINT WARNING * * *
You are more poisoned.
The killer bee poisons you! The killer bee barely misses you. x2
The killer bee stings you but does no damage. x2
The queen bee calls on the killer bee to defend it!
The killer bee goes berserk!
The queen bee calls on the killer bee to defend it!
The killer bee goes berserk!
The killer bee misses you.
The killer bee stings you but does no damage.
You feel better. The killer bee misses you.
The killer bee stings you but does no damage.
The killer bee stings you.
* * * LOW HITPOINT WARNING * * *
The killer bee closely misses you. The killer bee misses your ufetubus.
The killer bee stings you but does no damage.
The killer bee stings you!
You die...

* *,,,,{{#####.####.####...~~~.≈~
* *,,.!,{* #.........#.~.~~~≈≈. *
*,,,†,,* ######<.......~≈≈≈~≈
***,,,,y,* ##.##.#~~~~≈≈≈≈~
,,*****#.* #......≈≈≈≈~.~.≈ **,*
#.#########..##.#≈≈≈≈~~... *,*
#.y§y...y##..##.#≈≈≈≈~..>. *,*
*#.†yy.yy##..##.#≈≈≈≈~.... *,*
#.†)y.yy@.......~≈≈~≈~... *,*
#.....yyy...#.#..~≈≈≈~~.~ *,*
#.....5..##.#.....~~~≈... *,*
#........##..>.#..~~.~~.~ *,*
#........####..#....≈≈~.~
*,*****########.......#...~~~≈.~
*,,,,,***** #######.#.~~.≈≈~.~
***,,,,,,,***########.#...~~~~.~
****,,,***,**,.........#...).~~..


You could see a queen bee, 12 killer bees and a friendly ufetubus (summoned).

Vanquished Creatures
  Harold (D:10)
  2 two-headed ogres (D:9)
  A manticore (D:7)
  Joseph (D:10)
  A troll (D:10)
  Grinder (D:4)
  5 slime creatures (D:10)
  A vampire (D:10)
  2 wyverns (D:9)
  3 wraiths
  Eustachio (D:5)
  2 steam dragons
  2 vampire mosquitoes (D:10)
  An acid dragon (D:10)
  3 water moccasins
  2 orc warriors
  2 ice beasts (D:7)
  A sky beast (D:6)
  A black bear (D:4)
  2 ogres (D:4)
  2 wolves (D:10)
  5 centaurs
  2 kobold brigands
  A phantom (D:4)
  4 bullfrogs
  2 necrophages (D:4)
  Blork the orc (D:5)
  A gnoll sergeant (D:5)
  8 wights
  14 killer bees
  4 howler monkeys
  2 electric eels (D:10)
  6 hounds
  An orc priest (D:6)
  3 iguanas
  Jessica (D:3)
  Ijyb (D:4)
  An orc wizard (D:10)
  3 gnolls (D:8)
  13 adders
  2 white imps (D:5)
  3 worms
  3 dart slugs
  23 orcs
  2 bats
  9 endoplasms
  4 goblins
  6 hobgoblins
  4 jackals (D:4)
  A quokka (D:2)
  7 ball pythons
  4 frilled lizards
  7 kobolds
  2 rats (D:3)
187 creatures vanquished.

Vanquished Creatures (collateral kills)
  A killer bee (D:10)
  A hobgoblin (D:2)
2 creatures vanquished.

Vanquished Creatures (others)
  2 fungi (D:1)
  A plant (D:1)
3 creatures vanquished.

Grand Total: 192 creatures vanquished

Notes
Turn   | Place    | Note
-------+----------+-------------------------------------------
     0 | D:1      | senseless the Demonspawn Berserker began the quest for the
                  | Orb.
     0 | D:1      | Reached XP level 1. HP: 18/18 MP: 1/1
   210 | D:1      | Found a faded altar of an unknown god.
   501 | D:1      | Found Juom's Distillery.
   642 | D:2      | Gained mutation: You have a pair of small antennae on your
                  | head. [demonic ancestry]
   642 | D:2      | Reached XP level 2. HP: 24/24 MP: 2/2
   701 | D:2      | Found Jebbes's Distillery.
   849 | D:2      | Gained mutation: A weak demonic guardian rushes to your
                  | aid. [demonic ancestry]
   849 | D:2      | Reached XP level 3. HP: 29/29 MP: 3/3
  1004 | D:2      | Reached ** piety under Trog
  1196 | D:2      | Identified a scroll of acquirement
  1196 | D:2      | Acquired a +5 spectral lajatang
  1380 | D:3      | Reached XP level 4. HP: 32/37 MP: 4/4
  1380 | D:3      | Identified the +1 leather armour of Appuqido {rCorr Int+2
                  | SInv}
  1463 | D:3      | Found a sparkling altar of Nemelex Xobeh.
  1498 | D:3      | Reached skill level 1 in Staves
  1667 | D:3      | Found Lyec Edo's Antique Armour Emporium.
  1768 | D:3      | Reached XP level 5. HP: 42/42 MP: 5/5
  1862 | D:3      | Noticed Jessica
  1864 | D:3      | Killed Jessica
  2008 | D:4      | Noticed a phantom
  2010 | D:4      | Noticed Ijyb
  2012 | D:4      | Killed a phantom
  2013 | D:4      | Reached skill level 2 in Staves
  2016 | D:4      | Killed Ijyb
  2017 | D:4      | Gained mutation: You have a pair of antennae on your head.
                  | [demonic ancestry]
  2017 | D:4      | Reached XP level 6. HP: 48/48 MP: 6/6
  2064 | D:4      | Reached skill level 3 in Staves
  2095 | D:4      | Reached *** piety under Trog
  2150 | D:4      | Reached XP level 7. HP: 54/55 MP: 7/7
  2168 | D:4      | Noticed Grinder
  2175 | D:4      | Paralysed by Grinder for 2 turns
  2186 | D:4      | Killed Grinder
  2187 | D:4      | Reached skill level 5 in Fighting
  2187 | D:4      | Reached skill level 4 in Staves
  2364 | D:4      | Found a snail-covered altar of Cheibriados.
  2367 | D:4      | Found a sacrificial altar of Ru.
  2479 | D:5      | Entered Level 5 of the Dungeon
  2535 | D:5      | Noticed Blork the orc
  2538 | D:5      | Killed Blork the orc
  2539 | D:5      | Noticed Eustachio
  2547 | D:5      | Killed Eustachio
  2548 | D:5      | Gained mutation: Your movements are slightly less
                  | encumbered by armour. (ER -2) [demonic ancestry]
  2548 | D:5      | Reached XP level 8. HP: 62/62 MP: 8/8
  2588 | D:5      | Reached skill level 5 in Staves
  2726 | D:5      | Found a broken altar of Ashenzari.
  2969 | D:5      | Found an iron altar of Okawaru.
  3109 | D:6      | Found a staircase to the Ecumenical Temple.
  3299 | D:6      | Reached skill level 6 in Staves
  3663 | D:6      | Gained mutation: You regenerate magic rapidly. [demonic
                  | ancestry]
  3663 | D:6      | Reached XP level 9. HP: 69/69 MP: 9/9
  3667 | D:6      | Reached **** piety under Trog
  3716 | D:6      | Found a bloodstained altar of Trog.
  3992 | D:7      | Reached skill level 5 in Dodging
  3996 | D:7      | Found a blossoming altar of Fedhas.
  4008 | D:7      | Reached skill level 5 in Armour
  4262 | D:7      | Noticed a manticore
  4265 | D:7      | Killed a manticore
  4266 | D:7      | Reached skill level 7 in Staves
  4283 | D:7      | Found a burning altar of Makhleb.
  5221 | D:9      | Reached skill level 8 in Staves
  5221 | D:9      | Gained mutation: Your movements are less encumbered by
                  | armour. (ER -4) [demonic ancestry]
  5221 | D:9      | Reached XP level 10. HP: 76/79 MP: 10/10
  5287 | D:9      | Noticed a two-headed ogre
  5289 | D:9      | Killed a two-headed ogre
  5438 | D:9      | Found Bawukin's Weapon Emporium.
  5452 | D:9      | Found a staircase to the Orcish Mines.
  5459 | D:9      | Found Namestre's Armour Emporium.
  5930 | D:9      | Reached ***** piety under Trog
  6253 | D:10     | Entered Level 10 of the Dungeon
  6367 | D:10     | Reached skill level 9 in Staves
  6516 | D:10     | Found a staircase to the Lair.
  6713 | D:10     | Noticed a two-headed ogre
  6757 | D:9      | Killed a two-headed ogre
  7014 | D:10     | Reached XP level 11. HP: 65/87 MP: 11/11
  7171 | D:10     | Noticed Joseph
  7173 | D:10     | Found Pijeqiwe's Distillery.
  7181 | D:10     | Killed Joseph
  7253 | D:10     | Bought a potion of might for 64 gold pieces
  7271 | D:10     | Noticed Harold
  7279 | D:10     | Killed Harold
  7484 | D:10     | Found a hazy altar of Hepliaklqana.
  7510 | D:10     | Reached skill level 10 in Staves
  7651 | D:10     | Found a runed translucent door.
  7651 | D:10     | Found a shimmering altar of Xom.
  7651 | D:10     | Noticed HoaS's ghost (journeyman GrHu)
  7651 | D:10     | Noticed a +2 halberd of chaos
  7695 | D:10     | Received a gift from Trog
  7701 | D:10     | HP: 4/87 [killer bee (7)]
  7702 | D:10     | Slain by a killer bee

Illustrated notes

Levels and vault maps discovered:
D:1:      reono_arrival_forest_river, layout_basic,
          dreamdust_ecumenical_altar_grove, serial_shops, shop
D:2:      layout_rooms, serial_shops, nicolae_shop_hallway_stairs
D:3:      layout_loops_cross, nemelex_xobeh_ov_fountains_minmay, serial_shops,
          nicolae_shop_waterfront, uniq_jessica
D:4:      layout_cave_pools, chequers_temple_overflow_statue_of_worship,
          uniq_ijyb, uniq_grinder
D:5:      layout_cave_pools, nicolae_overflow_hidden_temple, okawaru_gym_becter,
          sword_in_stone
D:6:      layout_loops_corners, mainiacjoe_overflow_alcove_4,
          minmay_temple_entry_statues_fountains
D:7:      layout_basic, nicolae_overflow_crystal_walls,
          fedhas_bush_and_centaur_altar, hex_tiny,
          chequers_serial_rivers_micro_e
D:8:      layout_gridville
D:9:      layout_loops_ring, orc_david_3, grunt_decor_one_mirror,
          kennysheep_diamond, minmay_parallelograms
D:10:     layout_loops_cross, mainiacjoe_overflow_paths, erik_lair_island,
          ebering_ghost_xom, serial_shops, shop, special_room
          [special_room_bee], item_on_display_a, uniq_harold, uniq_joseph

Skill      XL: |  1  2  3  4  5  6  7  8  9 10 11 |
---------------+----------------------------------+-----
Maces & Flails | 3 |  3.6
Dodging        | 2 3 4 6 7 |  7.4
Armour         | 2 3 4 6 7 |  7.4
Staves         | 1 2 3 4 6 8 9 10 | 10.0
Fighting       | 4 5 6 7 8 |  8.7

Action                     |  1- 3 |  4- 6 |  7- 9 | 10-12 || total
---------------------------+-------+-------+-------+-------++-------
  Melee: Mace              |   121 |       |       |       ||   121
         Punch             |     1 |       |       |       ||     1
         Lajatang          |     5 |    50 |   114 |   109 ||   278
   Fire: Shortbow          |       |       |       |    11 ||    11
 Invoke: Berserk           |       |       |     2 |     2 ||     4
    Use: Scroll            |     9 |     1 |     8 |     8 ||    26
         Potion            |       |       |       |     2 ||     2
 Armour: Plate armour      |    92 |    27 |    88 |   112 ||   319
         Animal skin       |     2 |       |       |       ||     2
  Dodge: Dodged            |    43 |    11 |    57 |   108 ||   219

Table legend: (Time is in decaauts)
 A = Elapsed time spent in this place.
 B = Non-inter-level travel time spent in this place.
 C = Inter-level travel time spent in this place.
 D = Time resting spent in this place.
 E = Time spent auto-exploring this place.
 F = Levels seen in this place.
 G = Mean time per level.
                   A        B        C        D        E       F      G
               +--------+--------+--------+--------+--------+-----+--------+
         Total |   7801 |   7175 |    626 |    381 |   5543 |  10 |  780.1 |
       Dungeon |   7801 |   7175 |    626 |    381 |   5543 |  10 |  780.1 |
               +--------+--------+--------+--------+--------+-----+--------+

Top non-repeatable levels by time:
     D:9: 1685 daAuts
     D:6: 922 daAuts
    D:10: 895 daAuts
     D:7: 763 daAuts
     D:2: 745 daAuts
     D:1: 660 daAuts
     D:3: 636 daAuts
     D:5: 540 daAuts
     D:4: 538 daAuts
     D:8: 412 daAuts
